AoeStats
← Buco

Enclosed

505248475Analyzed
1v1 RM · 24d ago on Sep 8, 2026· 34m 47s· 2 players
Game mode
Random Map
Map size
Tiny (2 player)
Population
200
Speed
Normal
Resources
Standard
Victory
Conquest
Starting age
Dark Age
Ending age
Imperial Age
RankedLock teamsTeams togetherTeam positionsShared explorationLock speedFull tech treeHidden civsTurbo modeCheats
Victory
Defeat
🇸🇮 Malians · Slovenia
1275
+16
🇸🇮 Mongols · Slovenia
1276
-16
Slobang
5:31 Loom
8:39 Feudal Age
9:25 Double-Bit Axe
19:24 Castle Age
17:23 Gold Mining
17:39 Horse Collar
18:23 Fletching
18:34 Padded Archer Armor
19:30 Crossbowman
20:28 Bodkin Arrow
22:35 Scale Barding Armor
22:01 Light Cavalry
24:05 Town Watch
25:15 Bow Saw
25:59 Stone Mining
30:16 Wheelbarrow
32:25 Ballistics
33:12 Thumb Ring
33:37 Bloodlines
Buco
0:27 Loom
9:52 Feudal Age
17:27 Castle Age
15:34 Horse Collar
15:41 Double-Bit Axe
17:56 Wheelbarrow
24:16 Fletching
27:43 Bodkin Arrow
28:39 Thumb Ring
30:16 Husbandry
31:14 Padded Archer Armor
34:04 Leather Archer Armor
Connection lost

Rejoining the realm…

Still unreachable

The connection could not be restored.

Session expired

The server has moved on; the page needs a fresh start.